 Dungeon Crawl Stone Soup version 0.22-a0-254-gaf95ca0 (webtiles) character file.

221 mhoghedin the Ducker (level 6, 0/42 HPs)
             Began as a Halfling Monk on Mar 4, 2018.
             Slain by Grinder (2 damage)
             ... while paralysed by Grinder
             ... on level 4 of the Dungeon.
             The game lasted 00:03:51 (3393 turns).

mhoghedin the Ducker (Halfling Monk)                Turns: 3393, Time: 00:03:52

Health: 0/42       AC:  2    Str: 14    XL:     6   Next: 19%
Magic:  6/6        EV:  3    Int:  8    God:
Gold:   136        SH:  0    Dex: 17    Spells: 5/5 levels left

rFire    . . .     SeeInvis .   b - +2 hunting sling (velocity)
rCold    . . .     Gourm    .   (shield restricted)
rNeg     . . .     Faith    .   u - +0 robe
rPois    .         Spirit   .   (no helmet)
rElec    .         Reflect  .   (no cloak)
rCorr    .         Harm     .   (no gloves)
MR       .....                  (no boots)
Stlth    ++........             (no amulet)
HPRegen  0.14/turn              (no ring)
MPRegen  0.10/turn              (no ring)

@: paralysed
A: small, mutation resistance 1
a: no special abilities


You were on level 4 of the Dungeon.
You were not hungry.

You visited 1 branch of the dungeon, and saw 4 of its levels.

You collected 136 gold pieces.

Inventory:

Hand Weapons
 a - a +0 falchion
 b - a +2 hunting sling of velocity (weapon)
   (You took it off a goblin on level 3 of the Dungeon)
 p - a +0 dagger of venom
   (You took it off a goblin on level 2 of the Dungeon)
Missiles
 v - 31 sling bullets (quivered)
 w - 100 stones
Armour
 u - a +0 robe (worn)
Jewellery
 s - an uncursed ring of flight {unknown}
   (You found it on level 3 of the Dungeon)
 x - an uncursed amulet of regeneration {unknown}
   (You found it on level 4 of the Dungeon)
Scrolls
 d - 7 scrolls of identify {unknown}
 f - a scroll of enchant weapon {unknown}
 i - a scroll of amnesia {unknown}
 j - 3 scrolls of remove curse {unknown}
 k - a scroll of random uselessness {unknown}
 l - a scroll of magic mapping {unknown}
 m - 3 scrolls of teleportation {unknown}
 q - a scroll of blinking {unknown}
 t - a scroll of fear {unknown}
Potions
 e - a potion of berserk rage {unknown}
 g - 3 potions of curing
 h - a potion of heal wounds {unknown}
 n - a potion of resistance {unknown}
 o - a potion of lignification {unknown}
 r - a potion of agility {unknown}
Comestibles
 c - 7 rations


   Skills:
 - Level 3.6 Fighting
 - Level 4.0 Long Blades
 + Level 4.4 Slings
 - Level 4.4 Dodging
 - Level 2.1 Stealth


You had 5 spell levels left.
You didn't know any spells.

Dungeon Overview and Level Annotations

Branches:
Dungeon (4/15)
 Temple: D:4-7

Altars:
Nemelex Xobeh
Zin

Annotations:
D:4 Grinder


Innate Abilities, Weirdness & Mutations

You are small and have problems with some larger weapons.
You are somewhat resistant to further mutation.


Message History

Your Slings skill increases to level 3!
You have reached level 6!
Your experience leads to an increase in your attributes!
Increase (S)trength, (I)ntelligence, or (D)exterity?
You feel stronger.
Health restored: 42; MP restored: 6 Firing (i - inventory. (/) - cycle)
v - 31 sling bullets (quivered)
Aim: a worker ant (resting)
You shoot a sling bullet.
The sling bullet hits the worker ant but does no damage.
The worker ant twitches its antennae in your direction.
Firing (i - inventory. (/) - cycle)
v - 30 sling bullets (quivered)
Aim: a worker ant You shoot a sling bullet.
The sling bullet barely misses the worker ant.
Firing (i - inventory. (/) - cycle)
v - 29 sling bullets (quivered)
Aim: a worker ant You shoot a sling bullet.
The sling bullet hits the worker ant.
Firing (i - inventory. (/) - cycle)
v - 28 sling bullets (quivered)
Aim: a worker ant (moderately wounded)
You shoot a sling bullet.
The sling bullet closely misses the worker ant.
Firing (i - inventory. (/) - cycle)
v - 27 sling bullets (quivered)
Aim: a worker ant (moderately wounded)
You shoot a sling bullet. The sling bullet hits the worker ant.
Firing (i - inventory. (/) - cycle)
v - 26 sling bullets (quivered)
Aim: a worker ant (heavily wounded)
You shoot a sling bullet. The sling bullet hits the worker ant.
The worker ant closely misses you.
Firing (i - inventory. (/) - cycle)
v - 25 sling bullets (quivered)
Aim: a worker ant (severely wounded)
You shoot a sling bullet.
The sling bullet barely misses the worker ant.
The worker ant bites you.
You take 1 damage, and have 41/42 hp.
Firing (i - inventory. (/) - cycle)
v - 24 sling bullets (quivered)
Aim: a worker ant (severely wounded)
You shoot a sling bullet. The sling bullet hits the worker ant.
You kill the worker ant!
Your Slings skill increases to level 4!
Health restored: 42
v - 24 sling bullets (gained 1)
v - 26 sling bullets (gained 2)
You see here a worker ant corpse.
v - 27 sling bullets (gained 1)
v - 28 sling bullets (gained 1)
v - 29 sling bullets (gained 1)
Found a stone staircase leading down.
No target in view!
No target in view!
v - 30 sling bullets (gained 1)
v - 31 sling bullets (gained 1)
v - 32 sling bullets (gained 1)
v - 33 sling bullets (gained 1)
You see here a scorpion corpse.
v - 34 sling bullets (gained 1)
v - 36 sling bullets (gained 2)
g - 3 potions of curing (gained 1)
d - 7 scrolls labeled ACRUSI EDAI (gained 1)
x - a runed fluorescent amulet You now have 136 gold pieces (gained 7).
Grinder comes into view.
Firing (i - inventory. (/) - cycle)
v - 36 sling bullets (quivered)
Aim: Grinder (resting)
You shoot a sling bullet. The sling bullet hits Grinder!
Grinder shouts!
Grinder says, "There's only one good use for a tongue: cutting it out."
Grinder gestures at you.
You suddenly lose the ability to move!
Grinder blinks!
Grinder gestures at you. Pain shoots through your body!
You can move again.
You take 6 damage, and have 36/42 hp.
Firing (i - inventory. (/) - cycle)
v - 35 sling bullets (quivered)
Aim: Grinder (moderately wounded)
You shoot a sling bullet.
The sling bullet closely misses Grinder.
Grinder blinks!
Firing (i - inventory. (/) - cycle)
v - 34 sling bullets (quivered)
Aim: Grinder (lightly wounded)
You shoot a sling bullet. The sling bullet hits Grinder.
Firing (i - inventory. (/) - cycle)
v - 33 sling bullets (quivered)
Aim: Grinder (moderately wounded)
You shoot a sling bullet. The sling bullet hits Grinder.
Grinder completely misses you.
Firing (i - inventory. (/) - cycle)
v - 32 sling bullets (quivered)
Aim: Grinder (heavily wounded)
You shoot a sling bullet. The sling bullet hits Grinder.
Grinder gestures at you.
You suddenly lose the ability to move!
Grinder hits you!
You writhe in agony.
Grinder hits you. Grinder hits you.
You writhe in agony.
Grinder hits you!
* * * LOW HITPOINT WARNING * * *
You writhe in agony.
* * * LOW HITPOINT WARNING * * *
Grinder hits you.
You die...

#..#####...####
#..........# # #
#.######...#
##.#######.######.###
..................#
...........########
#. ######.#### #. #.#
#@# #.5(.(..(
#########


You could see Grinder.

Vanquished Creatures
  A scorpion (D:4)
  A hound (D:3)
  A worker ant (D:4)
  2 adders (D:2)
  An ooze (D:2)
  3 worms
  3 dart slugs
  A leopard gecko (D:3)
  3 ball pythons
  5 giant cockroaches
  9 hobgoblins
  14 jackals
  6 kobolds
  3 quokkas
  A ball python skeleton (D:4)
  5 bats
  4 frilled lizards
  9 goblins
  5 rats
77 creatures vanquished.

Notes
Turn   | Place    | Note
-------+----------+-------------------------------------------
     0 | D:1      | mhoghedin the Halfling Monk began the quest for the Orb.
     0 | D:1      | Reached XP level 1. HP: 15/15 MP: 1/1
   118 | D:1      | Reached XP level 2. HP: 17/20 MP: 2/2
   151 | D:1      | Reached skill level 3 in Fighting
   225 | D:1      | Reached XP level 3. HP: 15/26 MP: 3/3
  1007 | D:2      | Reached skill level 4 in Dodging
  1072 | D:2      | Reached XP level 4. HP: 31/31 MP: 4/4
  1349 | D:2      | HP: 7/31 [poisoned by an adder]
  1689 | D:2      | Found a sparkling altar of Nemelex Xobeh.
  2267 | D:3      | Reached XP level 5. HP: 34/36 MP: 5/5
  2706 | D:3      | Reached skill level 4 in Long Blades
  2809 | D:3      | Found a glowing silver altar of Zin.
  3102 | D:3      | Reached skill level 2 in Slings
  3310 | D:4      | Reached skill level 3 in Slings
  3310 | D:4      | Reached XP level 6. HP: 42/42 MP: 6/6
  3318 | D:4      | Reached skill level 4 in Slings
  3380 | D:4      | Noticed Grinder
  3381 | D:4      | Paralysed by Grinder for 4 turns
  3388 | D:4      | Paralysed by Grinder for 7 turns
  3392 | D:4      | HP: 6/42 [Grinder (7)]
  3392 | D:4      | HP: 2/42 [Grinder (4)]
  3393 | D:4      | Slain by Grinder

Vault maps used:
D:1:      minmay_arrival_nine_rooms
D:2:      old_standard_altar, first_ration, serial_corexii_hall,
          corexii_hall_statues_i, corexii_hall_statues_i
D:3:      zin_treasury
D:4:      gammafunk_steamed_eel, kennysheep_slug_shrine, dk_vineyard_1,
          uniq_duvessa, uniq_grinder

Skill      XL: |  1  2  3  4  5  6 |
---------------+-------------------+-----
Fighting       | 3 |  3.6
Dodging        | 4 |  4.4
Long Blades    | 4 |  4.0
Slings         | 3 4 |  4.4
Stealth        | |  2.1

Action                   |  1- 3 |  4- 6 || total
-------------------------+-------+-------++-------
Melee: Falchion          |    98 |    59 ||   157
       Dagger            |       |    80 ||    80
 Fire: Hunting sling     |       |    19 ||    19
  Use: Potion            |       |     1 ||     1
 Stab: Sleeping          |     3 |     3 ||     6
  Eat: Chunk             |     1 |     5 ||     6
       Ration            |       |     1 ||     1
Armor: Robe              |    20 |    12 ||    32
Dodge: Dodged            |   117 |   158 ||   275
       Rpst.: Falchion   |    38 |    26 ||    64

Table legend:
 A = Spawn XP
 B = Non-spawn XP
 C = Spawn XP percentage of total XP
 D = Spawn monster count
 E = Non-spawn monster count
 F = Spawn count percentage of total count
 G = Total turns spent on level
                    A         B        C        D         E        F      G
               +---------+---------+-------+---------+---------+-------+---------
         Total |       0 |     317 |   0.0 |       0 |      77 |   0.0 |  3393
               +---------+---------+-------+---------+---------+-------+---------
           D:1 |       0 |      53 |   0.0 |       0 |      29 |   0.0 |   716
           D:2 |       0 |      78 |   0.0 |       0 |      25 |   0.0 |  1514
           D:3 |       0 |      76 |   0.0 |       0 |      19 |   0.0 |  1028
           D:4 |       0 |     110 |   0.0 |       0 |       4 |   0.0 |   135
               +---------+---------+-------+---------+---------+-------+---------

Vault maps used:
D:1:      minmay_arrival_nine_rooms
D:2:      old_standard_altar, first_ration, serial_corexii_hall,
          corexii_hall_statues_i, corexii_hall_statues_i
D:3:      zin_treasury
D:4:      gammafunk_steamed_eel, kennysheep_slug_shrine, dk_vineyard_1,
          uniq_duvessa, uniq_grinder

Table legend:
 A = Turns spent in this place as a percentage of turns spent in the entire game.
 B = Non-inter-level travel turns spent in this place as a percentage of non-inter-level travel turns spent in the entire game.
 C = Inter-level travel turns spent in this place as a percentage of turns spent in this place.
 D = Turns resting spent in this place as a percentage of non-inter-level travel turns spent in this place.
 E = Turns spent auto-exploring this place as a percentage of non-inter-level travel turns spent in this place.
 F = Non-inter-level travel turns spent in this place divided by the number of levels of this place that you've seen.
                   A       B       C       D       E      F
               +-------+-------+-------+-------+-------+----------------------
         Total | 100.0 | 100.0 |   5.0 |  41.2 |  42.3 | 805.8
       Dungeon | 100.0 | 100.0 |   5.0 |  41.2 |  42.3 | 805.8
               +-------+-------+-------+-------+-------+----------------------

Table legend:
 A = Kills in this place as a percentage of kills in entire the game.
 B = Kills by you in this place as a percentage of kills by you in the entire game.
 C = Kills by friends in this place as a percentage of kills by friends in the entire game.
 D = Other kills in this place as a percentage of other kills in the entire game.
 E = Experience gained in this place as a percentage of experience gained in the entire game.
 F = Experience gained in this place divided by the number of levels of this place that you have seen.
                   A       B       C       D       E      F
               +-------+-------+-------+-------+-------+----------------------
         Total | 100.0 | 100.0 |   N/A |   N/A | 100.0 |  79.2
       Dungeon | 100.0 | 100.0 |   N/A |   N/A | 100.0 |  79.2
               +-------+-------+-------+-------+-------+----------------------
